 Dungeon Sprint DCSS version 0.30-a0-39-g42789b21ef (webtiles) character file.

Game seed: 4456154250117891535

59463 mhtbhm the Archmage (level 14, -33/60 HPs)
             Began as a Spriggan Earth Elementalist on Aug 28, 2022.
             Was the Champion of Vehumet.
             Asphyxiated
             ... in the Dungeon (Sprint III: "The Ten Rune Challenge").
             The game lasted 00:24:49 (6719 turns).

mhtbhm the Archmage (Spriggan Earth Elementalist)   Turns: 6719, Time: 00:24:53

Health: -33/60     AC:  5    Str:  5    XL:     14   Next: 4%
Magic:  49/55      EV: 20    Int: 22    God:    Vehumet [******]
Gold:   1432       SH:  0    Dex: 15    Spells: 24/67 levels left

rFire   + . .      SeeInvis +    l - +0 dagger (freeze)
rCold   + + .      Faith    .    (no shield)
rNeg    + . .      Spirit   .    a - +1 robe of the Valley of Death {rF+ rN+ rCorr Str+4}
rPois   +          Reflect  .    p - +2 hat {Stlth+}
rElec   .          Harm     .    (no cloak)
rCorr   +          Rampage  .    (gloves unavailable)
Will    +++..      NoTele   +    (boots unavailable)
Stlth   ++++......               (no amulet)
HPRegen 0.20/turn                o - ring "Biepiah" {Wiz rPois rC++ MP+9 Str-3}
MPRegen 0.34/turn                (no ring)

@: very quick
A: very small, no large weapons, unfitting armour, see invisible, speed 3,
talons 1, strong-willed 1
}: 1/10 runes: barnacled
a: Renounce Religion


You were in the Dungeon.
You worshipped Vehumet.
Vehumet was exalted by your worship.
You visited 1 branch You collected 3039 gold pieces.
You spent 1607 gold pieces at shops.

Inventory:

Hand Weapons
 l - a +0 dagger of freezing (weapon)
Missiles
 g - 5 curare-tipped darts (quivered)
Armour
 a - the +1 robe of the Valley of Death (worn) {rF+ rN+ rCorr Str+4}
   (You found it in the Dungeon)

   Str:       It affects your strength (+4).
   rF:        It protects you from fire.
   rN:        It protects you from negative energy.
   rCorr:     It protects you from acid and corrosion.
 p - a +2 hat of stealth (worn)
Jewellery
 o - the ring "Biepiah" (left hand) {Wiz rPois rC++ MP+9 Str-3}
   (You bought it in a shop in the Dungeon)

   [ring of wizardry]

   It improves your spell success rate.
   Str:       It affects your strength (-3).
   rC:        It greatly protects you from cold.
   rPois:     It protects you from poison.
   MP:        It affects your magic capacity (+9).
Wands
 h - a wand of roots (12)
Scrolls
 j - a scroll of immolation
 n - a scroll of blinking
Potions
 b - a potion of magic
 c - 2 potions of curing
 d - a potion of heal wounds
 e - 2 potions of haste
 f - a potion of berserk rage
 i - 4 potions of mutation
 k - a potion of ambrosia
 q - a potion of invisibility
 r - a potion of brilliance
Miscellaneous
 m - a box of beasts


   Skills:
 + Level 0.7 Fighting
 + Level 1.0 Throwing
 + Level 6.6 Dodging
 + Level 5.9 Stealth
 O Level 27 Spellcasting
 + Level 6.1 Conjurations
 + Level 5.9 Transmutations
 + Level 0.3 Air Magic
 + Level 26.3 Earth Magic
 + Level 0.1 Poison Magic
 + Level 2.6 Evocations


You had 24 spell levels left.
You knew the following spells:

 Your Spells              Type           Power      Damage    Failure   Level
a - Sandblast             Erth           100%       2d20      0%          1
b - Passwall              Tmut/Erth      65%        N/A       0%          2
c - Stone Arrow           Conj/Erth      100%       3d13      0%          3
d - Petrify               Tmut/Erth      79%        N/A       0%          4
e - Dazzling Flash        Conj/Hex       86%        N/A       1%          3
f - Lee's Rapid Deconstr  Erth           49%        3d24*     0%          5
g - Mephitic Cloud        Conj/Pois/Air  39%        N/A       1%          3
h - Spellforged Servitor  Conj/Summ      21%        N/A       26%         7
i - Iron Shot             Conj/Erth      39%        9d8       1%          6
j - Shatter               Erth           49%        3d37*     1%          9

Your spell library contained the following spells:

 Spells                   Type           Power      Damage    Failure   Level
 Maxwell's Capacitive Co  Air            15%        ∞         98%         8
 Chain Lightning          Conj/Air       22%        3d29      100%        9
 Slow                     Hex            100%       N/A       1%          1
 Sublimation of Blood     Necr           29%        N/A       1%          2
 Confusing Touch          Hex            29%        N/A       1%          3
 Ignite Poison            Fire/Tmut/Pois 38%        N/A       1%          3
 Vampiric Draining        Necr           29%        2d8       1%          3
 Freezing Cloud           Conj/Ice/Air   19%        6-21      1%          5
 Irradiate                Conj/Tmut      27%        3d20      1%          5


Dungeon Overview and Level Annotations

Branches:
Dungeon (1/1)

Altars:
Cheibriados
Dithmenos
Elyvilon
Fedhas
Gozag
Hepliaklqana
Kikubaaqudgha
Makhleb
Nemelex Xobeh
Okawaru
Qazlal
Ru
Sif Muna
Trog
Uskayaw
Vehumet
Wu Jian
Xom
Yredelemnul
Zin
The Shining One
Jiyva
Lugonu

Shops:
D (=!!([=(?(!*!:(

Annotations:
D Chuck


Innate Abilities, Weirdness & Mutations

You are very small and have problems with some larger weapons.
You are too small for most types of armour.
You have supernaturally acute eyesight. (SInv)
You cover ground extremely quickly. (Speed+++)
You have sharp toenails.
You are strong-willed. (Will+)


Message History

You start resting.
You start resting.
You start resting.
Magic restored.
Chuck throws a large rock of chaos.
The large rock of chaos hits you!!!
Ouch! That really hurt!
* * * LOW HITPOINT WARNING * * *
The large rock of chaos burns you!
* * * LOW HITPOINT WARNING * * *
You start resting.
You start resting.
You start resting.
HP restored.
Unknown command.
Casting: Lee's Rapid Deconstruction (safe; 0% risk of failure)
Confirm with . or Enter, or press ? or * to list all spells.
You can't see any susceptible monsters within range! (Use Z to cast anyway.)
A slime creature comes into view.
Found a box of beasts, 25 gold pieces and a quarterstaff.
There is an open door here.
Casting: Lee's Rapid Deconstruction (safe; 0% risk of failure)
Confirm with . or Enter, or press ? or * to list all spells.
Aiming: Iron Shot (safe; 1% risk of failure)
Press: ? - help, Shift-Dir - straight line, f - slime creature
Aim: a slime creature (wandering, hasn't noticed you, 95% to hit)
Okay, then.
Casting: Iron Shot (safe; 1% risk of failure)
Confirm with . or Enter, or press ? or * to list all spells.
Aiming: Iron Shot (safe; 1% risk of failure)
Press: ? - help, Shift-Dir - straight line, f - Chuck
Aim: Chuck, quivering large rocks of chaos (wandering, hasn't noticed you, 100% to hit)
The iron shot hits Chuck!!!
Chuck is moderately wounded.
Chuck shouts!
The slime creature quivers.
Chuck says, "You took it.
Me saw."
Chuck throws a large rock of chaos.
The large rock of chaos hits you!!
You have difficulty breathing.
Ouch! That really hurt!
You die...

##########
)$$}$}!≈C#
≈≈≈≈≈≈≈§≈#
.........#
.........#
...J.....#
################@##
#[..#...#..#......#
#...#.............#
##'###'##..#..P)P.#
#..........#...P..#▓
#.#####.##.#.......▓
'.#.)...#÷.........▓
#######............▓
#.. ..#)####......#▓


You could see Chuck and a slime creature.

Vanquished Creatures
  A bone dragon (D)
  Rupert (D)
  Frances (D)
  A kraken (D)
  Gastronok (D)
  Donald (D)
  4 azure jellies (D)
  A deep elf annihilator (D)
  2 deep elf demonologists (D)
  2 dire elephants (D)
  A deep elf death mage (D)
  A fire dragon (D)
  2 yaktaur captains (D)
  A deep elf high priest (D)
  Erolcha (D)
  A centaur warrior (D)
  2 alligator snapping turtles (D)
  4 dancing weapons (D)
  4 death yaks (D)
  3 orc high priests (D)
  Urug (D)
  3 deep elf knights (D)
  A skeletal warrior (D)
  An orange crystal statue (D)
  A lindwurm (D)
  4 deep elf pyromancers (D)
  4 crystal guardians (D)
  An ugly thing (D)
  An orc sorcerer (D)
  2 elephants (D)
  4 statues (D)
  A water nymph (shapeshifter) (D)
  2 black mambas (D)
  2 cane toads (D)
  2 yaktaurs (D)
  A rime drake (D)
  A guardian mummy (D)
  A komodo dragon (D)
  3 wandering mushrooms (D)
  A queen bee (D)
  4 spriggan defenders (D)
  2 tyrant leeches (D)
  4 snapping turtles (D)
  8 blink frogs (D)
  4 slime creatures (D)
  A shadow (D)
  A redback (shapeshifter) (D)
  5 redbacks (D)
  A spatial vortex (D)
  A swamp drake (D)
  2 orc warriors (D)
  5 two-headed ogres (D)
  A water elemental (D)
  A necrophage (D)
  32 killer bees (D)
  A jelly (D)
  3 orc priests (D)
  A necromancer (D)
  A wizard (D)
  5 orc wizards (D)
  3 humans (D)
  A kobold demonologist (D)
  A wolf (D)
  8 orcs (D)
  4 rats (D)
  5 bushes (D)
177 creatures vanquished.

Vanquished Creatures (others)
  2 fungi (D)
  23 plants (D)
  4 tentacles (D)
29 creatures vanquished.

Grand Total: 206 creatures vanquished

Notes
Turn   | Place    | Note
-------+----------+-------------------------------------------
     0 | D        | mhtbhm the Spriggan Earth Elementalist began the quest for
                  | the Orb.
     0 | D        | Reached XP level 1. HP: 9/9 MP: 5/5
    85 | D        | Reached skill level 3 in Spellcasting
   110 | D        | Noticed a wolf
   111 | D        | Killed a wolf
   112 | D        | Reached XP level 2. HP: 13/13 MP: 4/7
   169 | D        | Reached skill level 4 in Spellcasting
   169 | D        | Reached XP level 3. HP: 12/16 MP: 6/10
   172 | D        | Learned a level 2 spell: Passwall
   176 | D        | Learned a level 3 spell: Stone Arrow
   197 | D        | Gained mutation: You occasionally lose the ability to read
                  | scrolls when taking damage. [potion of mutation]
   197 | D        | Gained mutation: You are clumsy. (Dex -2) [potion of
                  | mutation]
   197 | D        | Gained mutation: You have sharp toenails. [potion of
                  | mutation]
   198 | D        | Lost mutation: You are clumsy. (Dex -2) [potion of
                  | mutation]
   198 | D        | Lost mutation: You occasionally lose the ability to read
                  | scrolls when taking damage. [potion of mutation]
   198 | D        | Gained mutation: You are strong-willed. (Will+) [potion of
                  | mutation]
   350 | D        | Noticed a water elemental
   378 | D        | Killed a water elemental
   379 | D        | Reached skill level 6 in Spellcasting
   379 | D        | Reached XP level 4. HP: 21/21 MP: 4/13
   467 | D        | Found a glowing silver altar of Zin.
   467 | D        | Found a glowing golden altar of the Shining One.
   467 | D        | Found a white marble altar of Elyvilon.
   476 | D        | Found a radiant altar of Vehumet.
   476 | D        | Found a shimmering blue altar of Sif Muna.
   476 | D        | Found an ancient bone altar of Kikubaaqudgha.
   476 | D        | Noticed a wizard
   478 | D        | Noticed a sun demon
   479 | D        | Reached skill level 7 in Spellcasting
   479 | D        | Killed a wizard
   480 | D        | Reached XP level 5. HP: 24/24 MP: 11/16
   489 | D        | Became a worshipper of Vehumet
   495 | D        | Learned a level 4 spell: Petrify
   521 | D        | Noticed a deep elf pyromancer
   524 | D        | Killed a deep elf pyromancer
   525 | D        | Reached skill level 12 in Spellcasting
   525 | D        | Reached XP level 6. HP: 28/28 MP: 14/22
   525 | D        | Reached XP level 7. HP: 32/32 MP: 14/23
   575 | D        | Found a basalt altar of Yredelemnul.
   575 | D        | Found a shadowy altar of Dithmenos.
   575 | D        | Found a sacrificial altar of Ru.
   579 | D        | Reached skill level 10 in Earth Magic
   579 | D        | Reached * piety under Vehumet
   579 | D        | Offered knowledge of Foxfire by Vehumet.
   624 | D        | Found a hide-covered altar of Uskayaw.
   624 | D        | Found an iron altar of Okawaru.
   624 | D        | Found a bloodstained altar of Trog.
   624 | D        | Found an ornate altar of the Wu Jian Council.
   624 | D        | Noticed a human
   624 | D        | Noticed a human
   669 | D        | Killed a human
   670 | D        | Reached skill level 5 in Dodging
   670 | D        | Reached skill level 13 in Spellcasting
   776 | D        | Killed a human
   777 | D        | Reached skill level 14 in Spellcasting
   822 | D        | Noticed a shadow
   834 | D        | Killed a shadow
   834 | D        | Reached ** piety under Vehumet
   834 | D        | Offered knowledge of Freeze by Vehumet.
   835 | D        | Reached XP level 8. HP: 25/36 MP: 23/27
   975 | D        | Found a blossoming altar of Fedhas.
   975 | D        | Found a stormy altar of Qazlal.
   975 | D        | Found a snail-covered altar of Cheibriados.
   975 | D        | Found a burning altar of Makhleb.
   975 | D        | Found a shimmering altar of Xom.
   976 | D        | Found a hazy altar of Hepliaklqana.
   976 | D        | Found an opulent altar of Gozag.
   976 | D        | Found a sparkling altar of Nemelex Xobeh.
   976 | D        | Found a corrupted altar of Lugonu.
   976 | D        | Found a viscous altar of Jiyva.
  1008 | D        | Reached skill level 15 in Spellcasting
  1013 | D        | Offered knowledge of Searing Ray by Vehumet.
  1013 | D        | Reached *** piety under Vehumet
  1014 | D        | Reached skill level 5 in Stealth
  1143 | D        | Noticed a two-headed ogre
  1178 | D        | Killed a two-headed ogre
  1178 | D        | Offered knowledge of Dazzling Flash by Vehumet.
  1179 | D        | Reached skill level 16 in Spellcasting
  1189 | D        | Learned a level 3 spell: Dazzling Flash
  1359 | D        | Noticed Erolcha
  1360 | D        | Noticed a two-headed ogre
  1363 | D        | Killed Erolcha
  1364 | D        | Reached skill level 17 in Spellcasting
  1364 | D        | Reached XP level 9. HP: 40/40 MP: 27/31
  1383 | D        | Killed a two-headed ogre
  1421 | D        | Reached **** piety under Vehumet
  1421 | D        | Offered knowledge of Lee's Rapid Deconstruction by Vehumet.
  1428 | D        | Learned a level 5 spell: Lee's Rapid Deconstruction
  1503 | D        | Noticed a wandering mushroom
  1507 | D        | Noticed a wandering mushroom
  1509 | D        | Killed a wandering mushroom
  1510 | D        | Reached skill level 18 in Spellcasting
  1512 | D        | Noticed a wandering mushroom
  1607 | D        | Killed a wandering mushroom
  1649 | D        | Killed a wandering mushroom
  1749 | D        | Noticed an orc sorcerer
  1752 | D        | Found Dionki Fefa's Distillery.
  1752 | D        | Noticed an orc high priest
  1757 | D        | Reached ***** piety under Vehumet
  1757 | D        | Offered knowledge of Hailstorm by Vehumet.
  1757 | D        | Killed an orc high priest
  1757 | D        | Killed an orc sorcerer
  1757 | D        | Reached ****** piety under Vehumet
  1758 | D        | Reached skill level 19 in Spellcasting
  1758 | D        | Reached skill level 15 in Earth Magic
  1758 | D        | Reached XP level 10. HP: 44/44 MP: 32/34
  1863 | D        | Bought a potion of heal wounds for 55 gold pieces
  1863 | D        | Bought a potion of haste for 110 gold pieces
  1921 | D        | Reached skill level 20 in Spellcasting
  2095 | D        | Noticed a deep elf knight
  2095 | D        | Noticed a deep elf pyromancer
  2095 | D        | Noticed a deep elf knight
  2095 | D        | Noticed a deep elf knight
  2095 | D        | Noticed a deep elf pyromancer
  2105 | D        | Killed a deep elf pyromancer
  2105 | D        | Offered knowledge of Conjure Ball Lightning by Vehumet.
  2106 | D        | Reached skill level 21 in Spellcasting
  2107 | D        | Killed a deep elf knight
  2112 | D        | Killed a deep elf knight
  2112 | D        | Killed a deep elf pyromancer
  2113 | D        | Reached XP level 11. HP: 48/48 MP: 27/37
  2113 | D        | Killed a deep elf knight
  2114 | D        | Reached skill level 22 in Spellcasting
  2174 | D        | Noticed a deep elf demonologist
  2175 | D        | Noticed a deep elf demonologist
  2179 | D        | Killed a deep elf demonologist
  2179 | D        | Killed a deep elf demonologist
  2210 | D        | Noticed a deep elf high priest
  2213 | D        | Killed a deep elf high priest
  2214 | D        | Reached skill level 23 in Spellcasting
  2214 | D        | Reached skill level 1 in Conjurations
  2224 | D        | Noticed a deep elf death mage
  2227 | D        | Noticed a deep elf pyromancer
  2228 | D        | Killed a deep elf death mage
  2229 | D        | Killed a deep elf pyromancer
  2231 | D        | Noticed a deep elf master archer
  2233 | D        | Noticed a deep elf annihilator
  2593 | D        | Killed a deep elf annihilator
  2798 | D        | Noticed Donald
  2798 | D        | Noticed Frances
  2806 | D        | Killed Donald
  2806 | D        | Killed Frances
  2806 | D        | Offered knowledge of Iskenderun's Battlesphere by Vehumet.
  2807 | D        | Reached skill level 24 in Spellcasting
  3062 | D        | Noticed an orange crystal statue
  3073 | D        | Found Leutsion's Magic Scroll Emporium.
  3073 | D        | Found Jowemez's Distillery.
  3073 | D        | Found Wokijyse's Weapon Shoppe.
  3073 | D        | Found Vutatos's Antique Weapon Boutique.
  3073 | D        | Found Pesokluj's Weapon Emporium.
  3073 | D        | Found Ytuimug's Book Shop.
  3073 | D        | Found Byaseil's Distillery.
  3073 | D        | Found Athrig's Assorted Antiques.
  3074 | D        | Found Ezosif's Jewellery Boutique.
  3074 | D        | Found Imeinu's Antique Armour Shoppe.
  3074 | D        | Found Zegimp's Weapon Shop.
  3114 | D        | Bought a Trismegistus Codex for 392 gold pieces
  3124 | D        | Bought a scroll of blinking for 195 gold pieces
  3137 | D        | Learned a level 3 spell: Mephitic Cloud
  3141 | D        | Noticed a crystal guardian
  3143 | D        | Killed a crystal guardian
  3143 | D        | Noticed a crystal guardian
  3144 | D        | Reached XP level 12. HP: 52/52 MP: 33/41
  3145 | D        | Reached skill level 25 in Spellcasting
  3146 | D        | Offered knowledge of Spellforged Servitor by Vehumet.
  3275 | D        | Learned a level 7 spell: Spellforged Servitor
  3335 | D        | Noticed a yaktaur captain
  3339 | D        | Killed a yaktaur captain
  3465 | D        | Offered knowledge of Iron Shot by Vehumet.
  3468 | D        | Reached skill level 26 in Spellcasting
  3619 | D        | Learned a level 6 spell: Iron Shot
  3844 | D        | Offered knowledge of Starburst by Vehumet.
  3916 | D        | Noticed Urug
  3921 | D        | Killed Urug
  4249 | D        | Offered knowledge of Ozocubu's Refrigeration by Vehumet.
  4292 | D        | Noticed Rupert
  4298 | D        | Killed Rupert
  4299 | D        | Reached skill level 27 in Spellcasting
  4402 | D        | Noticed a death yak
  4403 | D        | Noticed a death yak
  4405 | D        | Killed a death yak
  4407 | D        | Killed a death yak
  4408 | D        | Killed a death yak
  4410 | D        | Reached XP level 13. HP: 56/56 MP: 32/45
  4648 | D        | Noticed an azure jelly
  4648 | D        | Noticed an azure jelly
  4660 | D        | Noticed a kraken
  4673 | D        | Offered knowledge of Shatter by Vehumet.
  4673 | D        | Offered knowledge of Chain Lightning by Vehumet.
  4673 | D        | Offered knowledge of Maxwell's Capacitive Coupling by
                  | Vehumet.
  5134 | D        | Killed a kraken
  5135 | D        | Reached skill level 5 in Transmutations
  5288 | D        | Found Acsoblerph's Antique Weapon Shoppe.
  5288 | D        | Found Sinlozxa's Jewellery Boutique.
  5288 | D        | Found Usa Qegg's Distillery.
  5297 | D        | Got a barnacled rune of Zot
  5301 | D        | Bought the ring "Biepiah" {Wiz rPois rC++ MP+9 Str-3} for
                  | 855 gold pieces
  5336 | D        | Noticed an azure jelly
  5336 | D        | Noticed an azure jelly
  5374 | D        | Killed an azure jelly
  5374 | D        | Killed an azure jelly
  5375 | D        | Reached skill level 5 in Conjurations
  5375 | D        | Reached skill level 1 in Evocations
  5382 | D        | Killed an azure jelly
  5387 | D        | Killed an azure jelly
  5411 | D        | Noticed a dire elephant
  5415 | D        | Noticed a dire elephant
  5416 | D        | Killed a dire elephant
  5417 | D        | Noticed Gastronok
  5425 | D        | Killed a dire elephant
  5462 | D        | Killed Gastronok
  5780 | D        | Identified the +1 robe of the Valley of Death {rF+ rN+
                  | rCorr Str+4}
  5920 | D        | Noticed a fire dragon
  5926 | D        | Killed a fire dragon
  6159 | D        | Learned a level 9 spell: Shatter
  6343 | D        | Noticed a bone dragon
  6370 | D        | Noticed Chuck
  6375 | D        | Killed a bone dragon
  6376 | D        | Reached skill level 1 in Throwing
  6376 | D        | Reached XP level 14. HP: 60/60 MP: 34/46
  6719 | D        | Asphyxiated

Illustrated notes

Levels and vault maps discovered:
D:        dungeon_sprint_mu [sprint_mu_entry_cave, sprint_mu_temple_rooms,
          sprint_mu_d1_spiders, sprint_mu_d2_genie, sprint_mu_d3_branching,
          sprint_mu_orc_legion, sprint_mu_elf_gauntlet, sprint_mu_hive_nellie,
          sprint_mu_lair_fedhas, sprint_mu_vaults_butterflies,
          sprint_mu_slime_circle, sprint_mu_shoals_kraken,
          sprint_mu_snake_twists, sprint_mu_blade_basic,
          sprint_mu_crypt_chambers, sprint_mu_tomb_spiral,
          sprint_mu_vestibule_basic, sprint_mu_gehenna_hellfire,
          sprint_mu_dis_giant, sprint_mu_tartarus_statrot,
          sprint_mu_cocytus_islands, sprint_mu_zot1]

Skill      XL: |  1  2  3  4  5  6  7  8  9 10 11 12 13 |
---------------+----------------------------------------+-----
Transmutations | 2 3 4 5 |  5.9
Dodging        | 3 4 5 6 |  6.6
Earth Magic    | 4 6 9 11 13 15 16 19 21 26 | 26.3
Spellcasting   | 3 4 6 7 12 14 17 19 21 24 27 | 27.0
Stealth        | 4 5 |  5.9
Conjurations   | 1 3 6 |  6.1
Evocations     | 2 |  2.6
Throwing       | 1 |  1.0
Fighting       | |  0.7
Air Magic      | |  0.3
Poison Magic   | |  0.1

Action                   |  1- 3 |  4- 6 |  7- 9 | 10-12 | 13-15 || total
-------------------------+-------+-------+-------+-------+-------++-------
Melee: Dagger            |       |       |       |     2 |    11 ||    13
       Kick              |       |       |       |     2 |     6 ||     8
Throw: Dart              |       |       |       |       |     2 ||     2
 Cast: Sandblast         |    25 |     6 |    46 |       |     9 ||    86
       Stone Arrow       |       |       |     4 |     5 |     2 ||    11
       Petrify           |       |       |     2 |     2 |     3 ||     7
       Lee's Rapid Decon |       |       |     9 |    89 |    62 ||   160
       Dazzling Flash    |       |       |       |     1 |       ||     1
       Iron Shot         |       |       |       |    12 |    35 ||    47
       Mephitic Cloud    |       |       |       |     1 |       ||     1
       Shatter           |       |       |       |       |     2 ||     2
Evoke: Box of beasts     |       |       |       |       |     3 ||     3
  Use: Potion            |     3 |       |       |     1 |     1 ||     5
       Scroll            |       |       |     3 |     1 |     2 ||     6
Armor: Robe              |       |       |     1 |     1 |     2 ||     4
Dodge: Dodged            |     4 |       |    14 |    21 |    11 ||    50

Table legend: (Time is in decaauts)
 A = Elapsed time spent in this place.
 B = Non-inter-level travel time spent in this place.
 C = Inter-level travel time spent in this place.
 D = Time resting spent in this place.
 E = Time spent auto-exploring this place.
 F = Levels seen in this place.
 G = Mean time per level.
                   A        B        C        D        E       F      G
               +--------+--------+--------+--------+--------+-----+--------+
         Total |   6089 |   6063 |     26 |   4281 |    197 |   1 | 6089.0 |
       Dungeon |   6089 |   6063 |     26 |   4281 |    197 |   1 | 6089.0 |
               +--------+--------+--------+--------+--------+-----+--------+

Top non-repeatable levels by time:
       D: 6089 daAuts
